AoeStats
← JoyStick

Arena

510190198Analyzed
4v4 RM · 4d ago on Sep 29, 2026· 38m 11s· 8 players
Game mode
Random Map
Map size
Large (8 player)
Population
200
Speed
Normal
Resources
Standard
Victory
Conquest
Starting age
Dark Age
Ending age
Imperial Age
RankedLock teamsTeams togetherTeam positionsShared explorationLock speedFull tech treeHidden civsTurbo modeCheats
Victory
Defeat
🇹🇷 Tatars · Türkiye
1343
+9
🇹🇷 Malay · Türkiye
1262
+12
1215
+14
🇹🇷 Teutons · Türkiye
1028
+20
🇨🇴 Bohemians · Colombia
1181
-14
🇺🇸 Danes · United States
1172
-15
🇺🇸 Vikings · United States
1155
-13
🇵🇪 Sicilians · Peru
1133
-13
VadersSon2004
11:35 Feudal Age
12:18 Double-Bit Axe
15:14 Castle Age
13:07 Horse Collar
16:42 Wheelbarrow
16:21 Bow Saw
17:41 Heavy Plow
20:50 Gold Mining
21:19 Stone Mining
24:09 Gold Shaft Mining
23:47 Loom
27:24 Imperial Age
29:02 Forging
28:52 Scale Mail Armor
29:09 Town Watch
29:39 Hand Cart
30:04 Stone Shaft Mining
29:50 Squires
29:35 Arson
29:12 Elite Varangian Guard
30:43 Ballistics
30:21 Gambesons
31:55 Chain Mail Armor
Dani Blackmore
12:33 Feudal Age
16:20 Castle Age
14:18 Double-Bit Axe
16:32 Horse Collar
20:34 Wheelbarrow
19:48 Town Watch
20:35 Bow Saw
20:29 Heavy Plow
22:19 Fervor
26:04 Loom
26:38 Hand Cart
28:56 Imperial Age
27:14 Pikeman
29:40 Forging
29:30 Scale Mail Armor
29:31 Padded Archer Armor
29:23 Fletching
30:47 Chemistry
30:09 Halberdier
31:26 Conscription
31:24 Siege Engineers
33:22 Two-Man Saw
34:51 Hussite Reforms
35:37 Elite Skirmisher
38:02 Iron Casting
37:42 Chain Mail Armor
37:43 Leather Archer Armor
37:23 Bodkin Arrow
ReverbMate
10:24 Feudal Age
11:08 Double-Bit Axe
11:13 Gold Mining
11:33 Loom
13:29 Fletching
19:08 Horse Collar
24:31 Castle Age
23:06 Forging
25:11 Bodkin Arrow
26:13 Wheelbarrow
DaffyString6851
5:09 Loom
11:00 Feudal Age
14:47 Castle Age
12:59 Double-Bit Axe
13:33 Horse Collar
15:37 Town Watch
20:41 Bow Saw
20:23 Gold Mining
20:44 Heavy Plow
21:18 Stone Mining
28:53 Imperial Age
26:30 Scale Mail Armor
26:41 Forging
27:00 Padded Archer Armor
26:52 Fletching
27:59 Ballistics
27:39 Crossbowman
28:41 Chieftains
29:21 Chain Mail Armor
29:42 Iron Casting
29:17 Treadmill Crane
29:39 Bodkin Arrow
30:15 Conscription
31:07 Bogsveigar
31:25 Leather Archer Armor
32:31 Blast Furnace
32:11 Arbalester
34:10 Elite Berserk
35:41 Plate Mail Armor
35:21 Bracer
Furian
11:37 Feudal Age
14:58 Castle Age
19:13 Squires
23:47 Loom
36:51 Forging
36:35 Arson
JoyStick
10:40 Feudal Age
14:39 Castle Age
13:02 Double-Bit Axe
13:16 Horse Collar
13:50 Gold Mining
15:48 Bow Saw
16:42 Loom
23:38 Heavy Plow
25:10 Stone Mining
26:03 Wheelbarrow
25:17 Town Watch
26:17 Treadmill Crane
26:48 Fortified Wall
26:58 Ballistics
26:33 Fletching
26:45 Padded Archer Armor
27:28 Gold Shaft Mining
27:29 Hand Cart
31:13 Imperial Age
28:40 Bodkin Arrow
29:03 Leather Archer Armor
28:57 Scale Barding Armor
29:07 Forging
29:36 Masonry
29:21 Murder Holes
30:05 Coinage
30:28 Silk Armor
30:41 Husbandry
30:56 Bloodlines
30:40 Light Cavalry
31:43 Chain Barding Armor
32:04 Timurid Siegecraft
31:15 Heavy Cavalry Archer
32:17 Conscription
33:01 Chemistry
32:03 Bracer
32:33 Ring Archer Armor
32:37 Crop Rotation
31:50 Hussar
33:21 Iron Casting
33:23 Siege Engineers
34:43 Plate Barding Armor
37:24 Blast Furnace
İvan'ın Anasını Dehleyen
11:05 Feudal Age
16:23 Castle Age
15:06 Double-Bit Axe
15:02 Horse Collar
15:29 Gold Mining
15:50 Fletching
16:13 Forging
16:08 Scale Mail Armor
16:05 Loom
16:56 Wheelbarrow
16:48 Stone Mining
22:18 Hand Cart
24:52 Bow Saw
24:46 Heavy Plow
25:35 Ballistics
27:02 Gold Shaft Mining
31:40 Imperial Age
29:40 Town Watch
30:16 Pikeman
30:57 Squires
31:02 Bodkin Arrow
31:08 Padded Archer Armor
31:45 Iron Casting
31:25 Chain Mail Armor
32:04 Town Patrol
34:08 Blast Furnace
34:14 Chemistry
34:32 Crop Rotation
34:59 Halberdier
37:25 Conscription
37:19 Ballistas
37:29 Heavy Scorpion
38:55 Siege Engineers
secotify
11:49 Feudal Age
15:45 Castle Age
14:16 Double-Bit Axe
14:12 Horse Collar
14:39 Gold Mining
16:56 Bow Saw
16:49 Heavy Plow
21:20 Wheelbarrow
20:34 Town Watch
23:26 Hand Cart
23:59 Stone Mining
24:27 Scale Barding Armor
25:04 Forging
26:26 Chain Barding Armor
26:38 Bloodlines
30:53 Imperial Age
29:01 Iron Casting
31:15 Cavalier
32:36 Plate Barding Armor
34:05 Blast Furnace
37:28 Conscription
Connection lost

Rejoining the realm…

Still unreachable

The connection could not be restored.

Session expired

The server has moved on; the page needs a fresh start.